 Dungeon Crawl Stone Soup version 0.22.0-6-g71bd7aa (webtiles) character file.

6944 shmeve the Cleaver (level 10, -5/95 HPs)
             Began as a Minotaur Berserker on Aug 15, 2018.
             Was a High Priest of Trog.
             Slain by a cyclops (18 damage)
             ... on level 1 of the Orcish Mines.
             The game lasted 00:19:38 (9821 turns).

shmeve the Cleaver (Minotaur Berserker)             Turns: 9821, Time: 00:19:39

Health: -5/95      AC: 14    Str: 24    XL:     10   Next: 80%
Magic:  9/9        EV: 10    Int:  4    God:    Trog [*****.]
Gold:   381        SH:  4    Dex: 11    Spells: 9/9 levels left

rFire    . . .     SeeInvis .   w - +0 battleaxe (venom)
rCold    . . .     Gourm    .   (shield currently unavailable)
rNeg     . . .     Faith    .   q - +0 plate armour
rPois    .         Spirit   .   (helmet restricted)
rElec    .         Reflect  +   x - scarf {repulsion}
rCorr    .         Harm     .   (no gloves)
MR       .....                  j - +0 pair of boots
Stlth    ..........             p - +4 amulet of reflection
HPRegen  0.25/turn              l - ring of stealth
MPRegen  0.11/turn              (no ring)

@: repel missiles
A: retaliatory headbutt, horns 2
a: Berserk, Trog's Hand, Brothers in Arms, Renounce Religion


You were on level 1 of the Orcish Mines.
You worshipped Trog.
Trog was extremely pleased with you.
You were not hungry.

You visited 2 branches of the dungeon, and saw 11 of its levels.

You collected 561 gold pieces.
You spent 180 gold pieces at shops.

Inventory:

Hand Weapons
 b - a +0 war axe
 w - a +0 battleaxe of venom (weapon)
Missiles
 r - 4 throwing nets (quivered)
 C - 4 tomahawks of returning
Armour
 j - a +0 pair of boots (worn)
 q - a +0 plate armour (worn)
 x - a scarf of repulsion (worn)
Jewellery
 l - a ring of stealth (left hand)
 p - a +4 amulet of reflection (around neck)
Wands
 m - a wand of iceblast (2)
Scrolls
 d - 2 scrolls of identify
 e - 6 scrolls of teleportation
 h - a scroll of amnesia {unknown}
 k - a scroll of immolation
Potions
 f - a potion of invisibility
 g - 2 potions of flight
 i - 2 potions of degeneration {unknown}
 n - a potion of heal wounds
 o - a potion of resistance {unknown}
 t - 2 potions of agility
 u - a potion of magic {unknown}
 v - a potion of brilliance {unknown}
 z - 2 potions of curing
Comestibles
 a - 4 chunks of flesh
 c - 13 rations


   Skills:
 * Level 11.1 Fighting
 * Level 11.1 Axes
 + Level 6.1 Throwing
 + Level 7.8 Armour
 + Level 7.3 Dodging


You had 9 spell levels left.
You didn't know any spells.
Your spell library was empty.

Dungeon Overview and Level Annotations

Branches:
Dungeon (10/15)            Temple (0/1) D:7             Orc (1/2) D:10
   Lair: D:8-11

Altars:
Ashenzari
Gozag
Uskayaw
Yredelemnul
Zin

Shops:
D:5 *   D:6 [   D:7 :


Innate Abilities, Weirdness & Mutations

You reflexively headbutt those who attack you in melee.
You have a pair of horns on your head.


Message History

You start resting.
A cyclops comes into view.
Items here: ( ))) [[[ ††† You start resting.
The cyclops is too close now for your liking.
A cyclops is nearby!
A cyclops is nearby!
The cyclops shouts!
You hear a shout!
An ogre comes into view. It is wielding a giant spiked club.
The ogre shouts!
The cyclops throws a large rock.
The large rock is repelled.
Items here: ( )) [[ † You see here 4 javelins of returning.
The cyclops throws a large rock.
The large rock barely misses you.
Things that are here:
a scimitar; a plate armour You slice the cyclops!!
The cyclops looks as sick as possible!
The cyclops is moderately wounded.
The cyclops hits you!!
You die...

#...........#..#
#..............#
#.....<.......##
###......(.......##
#......(..........#
..........)).....#
##.........[)#.(.##
#.........O)()....##
#.......)C@)()..(..#
#.......)..).).##.##
#........#.......##
#............#......
#.............#.....
...........#.#......
.........####.......
.........# #.#..##
§....C..# ####.


You could see a cyclops and an ogre.

Vanquished Creatures
  Harold (D:8)
  Pikel (D:8)
  2 cyclopes (Orc:1)
  2 wyverns (D:9)
  A hungry ghost (D:10)
  A warg (Orc:1)
  7 orc warriors
  A black bear (D:5)
  4 slaves (D:8)
  A sky beast (D:9)
  3 ice beasts
  6 ogres
  5 centaurs
  3 big kobolds
  A gnoll sergeant (D:9)
  4 bullfrogs
  A scorpion (D:4)
  9 killer bees
  2 howler monkeys
  2 crimson imps
  3 hounds
  3 jellies
  8 orc priests
  9 orc wizards
  2 bullfrog skeletons
  2 centaur skeletons
  3 iguanas
  7 worker ants
  Natasha (D:2)
  4 gnolls
  11 adders
  A shadow imp (D:5)
  An adder skeleton (D:6)
  3 worms
  A dart slug (D:2)
  3 leopard geckos
  43 orcs
  7 bats
  6 giant cockroaches
  8 hobgoblins
  12 jackals
  15 kobolds
  2 quokkas
  2 ball pythons
  4 frilled lizards
  10 goblins
  A jackal skeleton (D:6)
  A quokka skeleton (D:4)
  A quokka zombie (D:5)
  5 rats
  A spectral orc (D:4)
237 creatures vanquished.

Vanquished Creatures (others)
  An orc warrior (Orc:1)
1 creature vanquished.

Grand Total: 238 creatures vanquished

Notes
Turn   | Place    | Note
-------+----------+-------------------------------------------
     0 | D:1      | shmeve the Minotaur Berserker began the quest for the Orb.
     0 | D:1      | Reached XP level 1. HP: 19/19 MP: 0/0
    33 | D:1      | Reached XP level 2. HP: 7/27 MP: 1/1
   577 | D:1      | Reached XP level 3. HP: 23/33 MP: 2/2
   675 | D:1      | Reached ** piety under Trog
   998 | D:2      | Reached skill level 1 in Throwing
  1118 | D:2      | Reached XP level 4. HP: 30/41 MP: 3/3
  1283 | D:2      | Noticed Natasha
  1293 | D:2      | Killed Natasha
  1521 | D:2      | Found a glowing silver altar of Zin.
  1747 | D:2      | Found an opulent altar of Gozag.
  2037 | D:3      | Reached XP level 5. HP: 46/47 MP: 4/4
  2411 | D:3      | Reached *** piety under Trog
  2411 | D:3      | Reached skill level 5 in Axes
  2619 | D:3      | Reached skill level 5 in Fighting
  2965 | D:4      | Found a basalt altar of Yredelemnul.
  3221 | D:4      | Reached XP level 6. HP: 55/56 MP: 5/5
  3784 | D:5      | Entered Level 5 of the Dungeon
  3893 | D:5      | Found Mioj's General Store.
  3896 | D:5      | Bought a scarf of repulsion for 144 gold pieces
  3896 | D:5      | Bought a potion of curing for 36 gold pieces
  4075 | D:5      | Reached XP level 7. HP: 20/63 MP: 6/6
  5021 | D:6      | Reached **** piety under Trog
  5025 | D:6      | Reached XP level 8. HP: 73/73 MP: 7/7
  5152 | D:6      | Found Fowuawi's Antique Armour Emporium.
  5311 | D:6      | Got a faintly humming ring mail
  5312 | D:6      | Identified the cursed +0 ring mail of Itsapn {-Tele rElec rPois Dex+5} (You found it on level 6 of the Dungeon)
  5393 | D:6      | Reached skill level 5 in Armour
  5627 | D:7      | Reached skill level 5 in Dodging
  5638 | D:7      | Received a gift from Trog
  5965 | D:7      | Found Nafun's Book Emporium.
  6288 | D:7      | Found a staircase to the Ecumenical Temple.
  6871 | D:8      | Found a shattered altar of Ashenzari.
  6887 | D:8      | Reached XP level 9. HP: 78/82 MP: 8/8
  6989 | D:8      | Reached ***** piety under Trog
  7968 | D:8      | Noticed Harold
  7977 | D:8      | Killed Harold
  7977 | D:8      | Reached skill level 5 in Throwing
  8028 | D:8      | Noticed Pikel
  8039 | D:8      | Killed Pikel
  8039 | D:8      | Reached XP level 10. HP: 21/93 MP: 9/9
  8692 | D:9      | Reached skill level 10 in Axes
  8695 | D:9      | Reached skill level 10 in Fighting
  8755 | D:9      | Found a hide-covered altar of Uskayaw.
  9637 | D:10     | Entered Level 10 of the Dungeon
  9723 | D:10     | Found a staircase to the Orcish Mines.
  9740 | Orc:1    | Entered Level 1 of the Orcish Mines
  9740 | Orc:1    | Noticed a cyclops
  9749 | Orc:1    | Received a gift from Trog
  9753 | Orc:1    | Noticed a cyclops
  9758 | Orc:1    | Killed a cyclops
  9764 | Orc:1    | Killed a cyclops
  9778 | Orc:1    | HP: 2/95 [ogre/giant club (15)]
  9797 | Orc:1    | Noticed a cyclops
  9821 | Orc:1    | Slain by a cyclops

Skill      XL: |  1  2  3  4  5  6  7  8  9 10 |
---------------+-------------------------------+-----
Fighting       | 4 5 6 7 8 9 11 | 11.1
Axes           | 4 5 6 8 9 11 | 11.1
Armour         | 3 4 5 6 7 |  7.8
Throwing       | 1 2 3 4 5 6 |  6.1
Dodging        | 3 4 5 6 7 |  7.3

Action                   |  1- 3 |  4- 6 |  7- 9 | 10-12 || total
-------------------------+-------+-------+-------+-------++-------
Melee: Hand axe          |    58 |   153 |   123 |       ||   334
       Headbutt          |    13 |    25 |    41 |    27 ||   106
       Battleaxe         |       |       |   108 |    95 ||   203
Invok: Berserk           |     2 |     2 |     5 |     2 ||    11
       Trog's Hand       |       |       |     1 |     3 ||     4
  Use: Scroll            |       |     6 |     9 |       ||    15
       Potion            |       |       |       |     2 ||     2
  Eat: Chunk             |     2 |    11 |    11 |     2 ||    26
       Ration            |       |       |     2 |     2 ||     4
Armor: Animal skin       |    13 |    17 |       |       ||    30
       Scale mail        |       |    33 |    16 |       ||    49
       Chain mail        |       |       |     8 |       ||     8
       Plate armour      |       |       |   148 |    88 ||   236
Dodge: Dodged            |    62 |    96 |   107 |    88 ||   353
       Deflected         |       |       |     8 |    10 ||    18
Block: Other             |       |    20 |    57 |    31 ||   108
       Reflection        |       |       |     4 |     3 ||     7
